| TOP OF THE 1ST |
|
Bluefield Blue Jays batting - Pitching for Boston (APP) Red Sox : RHP Wayne Whimster
|
|
Pitching: RHP Wayne Whimster
|
|
|
Batting: LHB Jessie Stewart
|
0-0: Called Strike 0-1: Ball 1-1: Ball 2-1: Called Strike 2-2: Ball 3-2: Foul Ball, location: 2F 3-2: Ground out 4-3 (Groundball, 4M, EV 89.4 MPH)
|
|
Batting: RHB Mark Noftall
|
0-0: Ground out 3-1 (Groundball, 34S, EV 94.4 MPH)
|
|
Batting: RHB Lao-che Zhu
|
0-0: Called Strike 0-1: Fly out, F8 (Flyball, 8LXD, EV 83.1 MPH)
|
| Top of the 1st over - 0 runs, 0 hits, 0 errors, 0 left on base; Bluefield 0 - Boston (APP) 0 |
| BOTTOM OF THE 1ST |
|
Boston (APP) Red Sox batting - Pitching for Bluefield Blue Jays : RHP Steve Ramsey
|
|
Pitching: RHP Steve Ramsey
|
|
|
Batting: RHB Kirk Cully
|
0-0: Foul Ball, location: 2F 0-1: Called Strike 0-2: Strikes out swinging
|
|
Batting: RHB Bob Reichley
|
0-0: Fly out, F4 (Popup, 4S, EV 68.1 MPH)
|
|
Batting: SHB Matsudaira Ikeda
|
0-0: Foul Ball, location: 2F 0-1: Ball 1-1: Fly out, F9 (Flyball, 9D, EV 88.8 MPH)
|
| Bottom of the 1st over - 0 runs, 0 hits, 0 errors, 0 left on base; Bluefield 0 - Boston (APP) 0 |
| TOP OF THE 2ND |
|
Bluefield Blue Jays batting - Pitching for Boston (APP) Red Sox : RHP Wayne Whimster
|
|
Batting: RHB Cedric Nicholls
|
0-0: Ball 1-0: Ground out 6-3 (Groundball, 6, EV 107.5 MPH)
|
|
Batting: RHB Tom Bergman
|
0-0: Ball 1-0: Ball 2-0: Fly out, F8 (Flyball, 78D, EV 98.8 MPH)
|
|
Batting: RHB Benedikt Fleischmann
|
0-0: Ball 1-0: Called Strike 1-1: Called Strike 1-2: Strikes out looking
|
| Top of the 2nd over - 0 runs, 0 hits, 0 errors, 0 left on base; Bluefield 0 - Boston (APP) 0 |
| BOTTOM OF THE 2ND |
|
Boston (APP) Red Sox batting - Pitching for Bluefield Blue Jays : RHP Steve Ramsey
|
|
Batting: RHB Felix Rangel
|
0-0: Called Strike 0-1: Called Strike 0-2: Ball 1-2: Ball 2-2: Fly out, F7 (Line Drive, 7, EV 91.9 MPH)
|
|
Batting: RHB Eric Kent
|
0-0: Called Strike 0-1: Ball 1-1: Ground out 6-3 (Groundball, 6, EV 100.6 MPH)
|
|
Batting: RHB Estevan Carrillo
|
0-0: Ball 1-0: Foul Ball, location: 2F 1-1: Foul Ball, location: 2F 1-2: Ball 2-2: Strikes out swinging
|
| Bottom of the 2nd over - 0 runs, 0 hits, 0 errors, 0 left on base; Bluefield 0 - Boston (APP) 0 |
| TOP OF THE 3RD |
|
Bluefield Blue Jays batting - Pitching for Boston (APP) Red Sox : RHP Wayne Whimster
|
|
Batting: RHB Lewis O'Connell
|
0-0: Called Strike 0-1: Ball 1-1: Ball 2-1: Ball 3-1: Called Strike 3-2: Base on Balls
|
|
Batting: SHB Miguel Sano Jr.
|
0-0: SINGLE (Groundball, 4D, EV 101.2 MPH) Lewis O'Connell to second
|
|
Batting: RHB Jerry Perez
|
0-0: Fielders Choice at 3rd, U5 (Groundball, 5L, EV 86.2 MPH) Miguel Sano Jr. to second
|
|
Batting: LHB Jessie Stewart
|
0-0: Ball Wild Pitch! Miguel Sano Jr. to third Jerry Perez to second 1-0: Foul Ball, location: 2F 1-1: Ball 2-1: Foul Ball, location: 2F 2-2: Strikes out swinging
|
|
Batting: RHB Mark Noftall
|
0-0: Ball 1-0: Ball 2-0: Ball 3-0: Called Strike 3-1: Base on Balls
|
|
Batting: RHB Lao-che Zhu
|
0-0: Foul Ball, location: 2F 0-1: Ball 1-1: Ground out 2-3 (Groundball, 15S, EV 68.1 MPH)
|
| Top of the 3rd over - 0 runs, 1 hit, 0 errors, 3 left on base; Bluefield 0 - Boston (APP) 0 |
| BOTTOM OF THE 3RD |
|
Boston (APP) Red Sox batting - Pitching for Bluefield Blue Jays : RHP Steve Ramsey
|
|
Batting: RHB Luis Nino
|
0-0: Ball 1-0: Called Strike 1-1: Swinging Strike 1-2: Ball 2-2: Strikes out swinging
|
|
Batting: RHB Wayne Whimster
|
0-0: Called Strike 0-1: Ball 1-1: Foul Ball, location: 2F 1-2: Ball 2-2: Fly out, F5 (Popup, 25F, EV 90.6 MPH)
|
|
Batting: RHB Mo Tsang
|
0-0: Fly out, F8 (Line Drive, 8LD, EV 90.0 MPH)
|
| Bottom of the 3rd over - 0 runs, 0 hits, 0 errors, 0 left on base; Bluefield 0 - Boston (APP) 0 |
| TOP OF THE 4TH |
|
Bluefield Blue Jays batting - Pitching for Boston (APP) Red Sox : RHP Wayne Whimster
|
|
Batting: RHB Cedric Nicholls
|
0-0: Called Strike 0-1: Ball 1-1: Called Strike 1-2: DOUBLE (Line Drive, 7LD, EV 112.5 MPH)
|
|
Batting: RHB Tom Bergman
|
0-0: Ball 1-0: Called Strike 1-1: Ground out U3 (Groundball, 34, EV 83.8 MPH) Cedric Nicholls to third
|
|
Batting: RHB Benedikt Fleischmann
|
0-0: Ball 1-0: Fly out, F7 (Flyball, 7LMF, EV 100.0 MPH) Runner from 3rd tags up, SCORES, no throw by LF
|
|
Batting: RHB Lewis O'Connell
|
0-0: Foul Ball, location: 2F 0-1: Foul Ball, location: 2F 0-2: Strikes out swinging
|
| Top of the 4th over - 1 run, 1 hit, 0 errors, 0 left on base; Bluefield 1 - Boston (APP) 0 |
| BOTTOM OF THE 4TH |
|
Boston (APP) Red Sox batting - Pitching for Bluefield Blue Jays : RHP Steve Ramsey
|
|
Batting: RHB Kirk Cully
|
0-0: Ball 1-0: Called Strike 1-1: SOLO HOME RUN (Line Drive, 78XD, EV 114.4 MPH), Distance : 422 ft
|
|
Batting: RHB Bob Reichley
|
0-0: Called Strike 0-1: Foul Ball, location: 2F 0-2: Single, Error in OF, E8, batter to second base (Line Drive, 8RS, EV 88.8 MPH)
|
|
Batting: SHB Matsudaira Ikeda
|
0-0: Called Strike 0-1: Ball Passed Ball! Bob Reichley to third 1-1: Fly out, F8 (Flyball, 89S, EV 88.8 MPH)
|
|
Batting: RHB Felix Rangel
|
0-0: Ball 1-0: Called Strike 1-1: Ball 2-1: Ball 3-1: Base on Balls
|
|
Batting: RHB Eric Kent
|
0-0: Ball Felix Rangel is caught stealing 2nd base 2-4 1-0: Foul Ball, location: 2F 1-1: Ground out 5-3 (Groundball, 56S, EV 85.0 MPH)
|
| Bottom of the 4th over - 1 run, 2 hits, 1 error, 1 left on base; Bluefield 1 - Boston (APP) 1 |
| TOP OF THE 5TH |
|
Bluefield Blue Jays batting - Pitching for Boston (APP) Red Sox : RHP Wayne Whimster
|
|
Batting: SHB Miguel Sano Jr.
|
0-0: Ball 1-0: Ground out 6-3 (Groundball, 4MD, EV 88.1 MPH)
|
|
Batting: RHB Jerry Perez
|
0-0: Ball 1-0: Called Strike 1-1: Ball 2-1: Ball 3-1: Base on Balls
|
|
Batting: LHB Jessie Stewart
|
0-0: Ball 1-0: Called Strike 1-1: Swinging Strike 1-2: Ball 2-2: Strikes out swinging
|
|
Batting: RHB Mark Noftall
|
0-0: Ball 1-0: Foul Ball, location: 2F 1-1: Foul Ball, location: 2F 1-2: Fielders Choice at 2nd, U4 (Groundball, 4M, EV 101.2 MPH)
|
| Top of the 5th over - 0 runs, 0 hits, 0 errors, 1 left on base; Bluefield 1 - Boston (APP) 1 |
| BOTTOM OF THE 5TH |
|
Boston (APP) Red Sox batting - Pitching for Bluefield Blue Jays : RHP Steve Ramsey
|
|
Batting: RHB Estevan Carrillo
|
0-0: Ground out U3 (Groundball, 34, EV 85.6 MPH)
|
|
Batting: RHB Luis Nino
|
0-0: Foul Ball, location: 2F 0-1: Ball 1-1: Ground out 5-3 (Groundball, 5L, EV 103.8 MPH)
|
|
Batting: RHB Wayne Whimster
|
0-0: Called Strike 0-1: Ball 1-1: Ball 2-1: Foul Ball, location: 2F 2-2: Foul Ball, location: 2F 2-2: Ball 3-2: Base on Balls
|
|
Batting: RHB Mo Tsang
|
0-0: Called Strike 0-1: Fly out, F9 (Flyball, 9, EV 73.8 MPH)
|
| Bottom of the 5th over - 0 runs, 0 hits, 0 errors, 1 left on base; Bluefield 1 - Boston (APP) 1 |
| TOP OF THE 6TH |
|
Bluefield Blue Jays batting - Pitching for Boston (APP) Red Sox : RHP Wayne Whimster
|
|
Batting: RHB Lao-che Zhu
|
0-0: Ground out 6-3 (Groundball, 4MS, EV 90.0 MPH)
|
|
Batting: RHB Cedric Nicholls
|
0-0: Called Strike 0-1: Ball 1-1: Foul Ball, location: 2F 1-2: Ball 2-2: Strikes out swinging
|
|
Batting: RHB Tom Bergman
|
0-0: Foul Ball, location: 2F 0-1: Foul Ball, location: 2F 0-2: Foul Ball, location: 2F 0-2: Strikes out swinging
|
| Top of the 6th over - 0 runs, 0 hits, 0 errors, 0 left on base; Bluefield 1 - Boston (APP) 1 |
| BOTTOM OF THE 6TH |
|
Boston (APP) Red Sox batting - Pitching for Bluefield Blue Jays : RHP Steve Ramsey
|
|
Batting: RHB Kirk Cully
|
0-0: Ball 1-0: Ball 2-0: Ball 3-0: Called Strike 3-1: Base on Balls
|
|
Batting: RHB Bob Reichley
|
0-0: Ball 1-0: Ball 2-0: Fielders Choice at 2nd, 6-4 (Groundball, 56D, EV 82.5 MPH)
|
|
Batting: SHB Matsudaira Ikeda
|
0-0: Called Strike 0-1: Called Strike 0-2: SINGLE (Flyball, 8RS, EV 88.8 MPH) Bob Reichley to second
|
|
Batting: RHB Felix Rangel
|
0-0: Foul Ball, location: 2F 0-1: SINGLE (Line Drive, 6MD, EV 97.5 MPH) Bob Reichley to third Matsudaira Ikeda to second
|
|
Batting: RHB Eric Kent
|
0-0: Ball 1-0: DOUBLE (Flyball, 9LD, EV 99.4 MPH) Bob Reichley scores Matsudaira Ikeda scores Felix Rangel to third Runner from 3rd tries for Home, SAFE, throw by RF to trailing runner, SAFE at third!
|
|
Batting: RHB Estevan Carrillo
|
0-0: Called Strike 0-1: Ground out 5-3 (Groundball, 25, EV 78.8 MPH)
|
|
Batting: RHB Luis Nino
|
0-0: Swinging Strike 0-1: Called Strike 0-2: Ball 1-2: Strikes out swinging
|
| Bottom of the 6th over - 3 runs, 3 hits, 0 errors, 1 left on base; Bluefield 1 - Boston (APP) 4 |
| TOP OF THE 7TH |
|
Bluefield Blue Jays batting - Pitching for Boston (APP) Red Sox : RHP Wayne Whimster
|
|
Batting: RHB Benedikt Fleischmann
|
0-0: Called Strike 0-1: Ground out 6-3 (Groundball, 6, EV 87.5 MPH)
|
|
Pitching: RHP Mitsuharu Yoshimoto
|
|
|
Batting: RHB Lewis O'Connell
|
0-0: Called Strike 0-1: Ball 1-1: Fly out, F9 (Flyball, 9, EV 93.1 MPH)
|
|
Batting: SHB Miguel Sano Jr.
|
0-0: Ball 1-0: Ground out U3 (Groundball, 3, EV 80.0 MPH)
|
| Top of the 7th over - 0 runs, 0 hits, 0 errors, 0 left on base; Bluefield 1 - Boston (APP) 4 |
| BOTTOM OF THE 7TH |
|
Boston (APP) Red Sox batting - Pitching for Bluefield Blue Jays : RHP Steve Ramsey
|
|
Pitching: RHP Josh Long
|
|
|
Batting: RHB Wayne Whimster
|
0-0: Foul Ball, location: 2F 0-1: Fly out, F5 (Popup, 6S, EV 73.8 MPH)
|
|
Batting: RHB Mo Tsang
|
0-0: Ball 1-0: Ball 2-0: Called Strike 2-1: Called Strike 2-2: Foul Ball, location: 2F 2-2: Strikes out swinging
|
|
Batting: RHB Kirk Cully
|
0-0: Swinging Strike 0-1: Swinging Strike 0-2: Strikes out swinging
|
| Bottom of the 7th over - 0 runs, 0 hits, 0 errors, 0 left on base; Bluefield 1 - Boston (APP) 4 |
| TOP OF THE 8TH |
|
Bluefield Blue Jays batting - Pitching for Boston (APP) Red Sox : RHP Mitsuharu Yoshimoto
|
|
Batting: RHB Jerry Perez
|
0-0: Ball 1-0: Fly out, F6 (Line Drive, 6MD, EV 73.8 MPH)
|
|
Batting: LHB Jessie Stewart
|
0-0: Called Strike 0-1: Called Strike 0-2: Strikes out looking
|
|
Batting: RHB Mark Noftall
|
0-0: Called Strike 0-1: Ball 1-1: Foul Ball, location: 2F 1-2: Strikes out swinging
|
| Top of the 8th over - 0 runs, 0 hits, 0 errors, 0 left on base; Bluefield 1 - Boston (APP) 4 |
| BOTTOM OF THE 8TH |
|
Boston (APP) Red Sox batting - Pitching for Bluefield Blue Jays : RHP Josh Long
|
|
Batting: RHB Bob Reichley
|
0-0: Ball 1-0: Called Strike 1-1: Ball 2-1: Foul Ball, location: 2F 2-2: Strikes out looking
|
|
Batting: SHB Matsudaira Ikeda
|
0-0: Called Strike 0-1: Foul Ball, location: 2F 0-2: Foul Ball, location: 2F 0-2: Strikes out swinging
|
|
Batting: RHB Felix Rangel
|
0-0: Called Strike 0-1: Foul Ball, location: 2F 0-2: Ball 1-2: Ball 2-2: Ball 3-2: Strikes out swinging
|
| Bottom of the 8th over - 0 runs, 0 hits, 0 errors, 0 left on base; Bluefield 1 - Boston (APP) 4 |
| TOP OF THE 9TH |
|
Bluefield Blue Jays batting - Pitching for Boston (APP) Red Sox : RHP Mitsuharu Yoshimoto
|
|
Pitching: RHP Jose Duran
|
|
|
Batting: RHB Lao-che Zhu
|
0-0: Ball 1-0: Ball 2-0: Ground out 4-3 (Groundball, 4, EV 81.2 MPH)
|
|
Batting: RHB Cedric Nicholls
|
0-0: Called Strike 0-1: Called Strike 0-2: Hit by Pitch
|
|
Batting: LHB Edwin Esparza
|
0-0: Fielders Choice at 2nd, 4-6 (Groundball, 4, EV 78.1 MPH)
|
|
Pinch Hitting: RHB Brandon Williams
|
0-0: Ball 1-0: Ball 2-0: Called Strike 2-1: Foul Ball, location: 2F 2-2: Ground out 6-3 (Groundball, 6S, EV 86.2 MPH)
|
| Top of the 9th over - 0 runs, 0 hits, 0 errors, 1 left on base; Bluefield 1 - Boston (APP) 4 |
|